 Dungeon Crawl Stone Soup version 0.28-a0-895-g6e5f11bd55 (webtiles) character file.

Game seed: 11936091725770667455

48 vurker the Gusty (level 3, -2/27 HPs)
             Began as a Demigod Air Elementalist on Nov 22, 2021.
             Succumbed to an adder's poison
             ... on level 3 of the Dungeon.
             The game lasted 00:01:32 (2123 turns).

vurker the Gusty (Demigod Air Elementalist)         Turns: 2123, Time: 00:01:32

Health: -2/27      AC:  2    Str:  9    XL:     3   Next: 30%
Magic:  3/9        EV: 12    Int: 21    God:
Gold:   91         SH:  0    Dex: 14    Spells: 5/6 levels left

rFire   . . .      SeeInvis .   d - +0 dagger
rCold   . . .      Faith    .   (no shield)
rNeg    . . .      Spirit   .   a - +0 robe
rPois   .          Reflect  .   (no helmet)
rElec   .          Harm     .   (no cloak)
rCorr   .          Rampage  .   (no gloves)
Will    .....                   (no boots)
Stlth   ++........              (no amulet)
HPRegen 0.09/turn               (no ring)
MPRegen 0.11/turn               (no ring)

@: lethally poisoned (-2 -> -16), very slightly contaminated
A: high mp 1, forlorn
a: no special abilities


You were on level 3 of the Dungeon.
You visited 1 branch of the dungeon, and saw 3 of its levels.

You collected 91 gold pieces.

Inventory:

Hand Weapons
 d - a +0 dagger (weapon)
   (You took it off a goblin on level 1 of the Dungeon)
Armour
 a - a +0 robe (worn)
 c - a scarf of resistance
   (You found it on level 1 of the Dungeon)
Wands
 e - a wand of charming (7)
   (You found it on level 2 of the Dungeon)
 t - a wand of flame (18)
   (You found it on level 3 of the Dungeon)
Scrolls
 b - 2 scrolls of teleportation {unknown}
 f - a scroll of noise {unknown}
 g - a scroll of identify {unknown}
 h - 4 scrolls of magic mapping {unknown}


   Skills:
 + Level 0.9 Fighting
 - Level 1.7 Dodging
 - Level 1.7 Stealth
 * Level 2.4 Spellcasting
 + Level 1.4 Conjurations
 * Level 3.2 Air Magic


You had 5 spell levels left.
You knew the following spells:

 Your Spells              Type           Power      Damage    Failure   Level
a - Shock                 Conj/Air       48%        1d6       5%          1

Your spell library contained the following spells:

 Spells                   Type           Power      Damage    Failure   Level
 Static Discharge         Conj/Air       12%        N/A       9%          2
 Swiftness                Air            16%        N/A       11%         3
 Airstrike                Air            8%         N/A       36%         4
 Passage of Golubria      Tloc           2%         N/A       80%         4
 Silence                  Hex/Air        4%         N/A       90%         5
 Lehudib's Crystal Spear  Conj/Erth      2%         10d2      100%        8


Dungeon Overview and Level Annotations

Branches:
Dungeon (3/15)


Innate Abilities, Weirdness & Mutations

Your attributes grow dramatically as you level up.
You have an increased reservoir of magic. (+10% MP)
You shall have no god before yourself.


Message History

You open the door.
Found 6 gold pieces.
You can't see any susceptible monsters within range! (Use Z to cast anyway.)
There is an open door here.
You enter the shallow water.
Moving in this stuff is going to be slow.
An adder comes into view.
The adder hisses angrily.
An adder comes into view.
The adder closely misses you. The adder closely misses you.
The adder closely misses you. The adder bites you but does no damage.
You miscast Shock.
You are very lightly contaminated with residual magic.
Nothing appears to happen.
The adder completely misses you. The adder closely misses you.
There is an open door here.
The adder bites you.
Okay, then.
The adder hisses angrily.
Your magical contamination has completely faded away.
The adder misses you.
You miscast Shock.
You are very lightly contaminated with residual magic.
Nothing appears to happen.
The adder bites you.
You are poisoned.
The adder poisons you!
The zap misses the adder. x2; You feel sick.
The adder bites you.
The zap hits the adder. x4; You feel sick.
The adder bites you. The adder barely misses you.
The zap misses the adder.
The zap hits the adder.
You feel sick. The adder closely misses you. x2
You miscast Shock.
Nothing appears to happen.
You feel sick. The adder bites you.
* * * LOW HITPOINT WARNING * * *
You are lethally poisoned!
The adder poisons you! The adder misses you.
You aren't carrying any potions.
Unknown command.
You aren't carrying any potions.
You aren't carrying any potions.
The zap hits the adder.
You kill the adder!
* * * LOW HITPOINT WARNING * * *
You feel very sick. The adder barely misses you. The adder bites you.
* * * LOW HITPOINT WARNING * * *
You are more poisoned.
The adder poisons you!
You die...

≈S♣ ♣≈'..# #+#
♣≈≈♣#..## ### #...#
###.# #.###########
###...........#
#.............#
#.##.S<.......#
#.##.@........#
##.##....#..####
.#######..#####..#.#
>...........<......#
.........#######.###
####.†<### #.#
#......## #.#
#.####..# #.###
#..#####.#####...###


You could see an adder.

Vanquished Creatures
  A gnoll (D:1)
  An adder (D:3)
  2 dart slugs (D:1)
  3 endoplasms (D:1)
  2 giant cockroaches (D:1)
  3 goblins
  2 hobgoblins
  2 quokkas
  4 ball pythons
  2 bats
  A frilled lizard (D:1)
  2 rats
25 creatures vanquished.

Notes
Turn   | Place    | Note
-------+----------+-------------------------------------------
     0 | D:1      | vurker the Demigod Air Elementalist began the quest for the
                  | Orb.
     0 | D:1      | Reached XP level 1. HP: 14/14 MP: 5/5
   124 | D:1      | Reached skill level 1 in Conjurations
   219 | D:1      | Reached XP level 2. HP: 18/22 MP: 0/7
   663 | D:1      | Reached skill level 3 in Air Magic
  1472 | D:2      | Reached XP level 3. HP: 27/27 MP: 5/9
  2122 | D:3      | HP: 1/27 [adder (4)]
  2123 | D:3      | Succumbed to an adder's poison

Illustrated notes

Levels and vault maps discovered:
D:1:      minmay_arrival_semitransparent, layout_loops_ring,
          minmay_misc_feat_plants
D:2:      layout_basic, ebering_ecumenical_altar_petrified,
          chequers_serial_rivers_small_3
D:3:      kennysheep_goblin_castle, layout_rooms, saegor_snake_ambush

Skill      XL: |  1  2 |
---------------+-------+-----
Conjurations   | 1 |  1.4
Spellcasting   | 2 |  2.4
Air Magic      | 3 |  3.2
Fighting       | |  0.9
Dodging        | |  1.7
Stealth        | |  1.7

Action                   || total
-------------------------++-------
Melee: Unarmed           ||    18
 Cast: Shock             ||    65
Armor: Robe              ||    17
Dodge: Dodged            ||    43

Table legend: (Time is in decaauts)
 A = Elapsed time spent in this place.
 B = Non-inter-level travel time spent in this place.
 C = Inter-level travel time spent in this place.
 D = Time resting spent in this place.
 E = Time spent auto-exploring this place.
 F = Levels seen in this place.
 G = Mean time per level.
                   A        B        C        D        E       F      G
               +--------+--------+--------+--------+--------+-----+--------+
         Total |   2130 |   2083 |     47 |      0 |   1882 |   3 |  710.0 |
       Dungeon |   2130 |   2083 |     47 |      0 |   1882 |   3 |  710.0 |
               +--------+--------+--------+--------+--------+-----+--------+

Top non-repeatable levels by time:
     D:1: 1116 daAuts
     D:2: 867 daAuts
     D:3: 146 daAuts
